 Dungeon Crawl Stone Soup version 0.30-a0-1016-gfb0d676c02 (webtiles) character file.

Game seed: 17102278981285090318

65 xian the Gusty (level 4, 0/24 HPs)
             Began as a Tengu Air Elementalist on Apr 6, 2023.
             Was a High Priest of Ignis.
             Killed from afar by Sigmund (6 damage)
             ... with a magic dart
             ... on level 4 of the Dungeon.
             The game lasted 00:04:55 (2417 turns).

xian the Gusty (Tengu Air Elementalist)             Turns: 2417, Time: 00:04:56

Health: 0/24       AC:  2    Str:  8    XL:     4   Next: 14%
Magic:  0/9        EV: 12    Int: 17    God:    Ignis [*****.]
Gold:   150        SH:  0    Dex: 15    Spells: 2/8 levels left

rFire   + . .      SeeInvis .    f - staff of conjuration
rCold   . . .      Faith    .    (no shield)
rNeg    . . .      Spirit   .    a - +0 robe
rPois   .          Reflect  .    (helmet restricted)
rElec   .          Rampage  .    (no cloak)
rCorr   .                        (no gloves)
Will    .....                    (boots unavailable)
Stlth   ++                       (no amulet)
HPRegen 0.24/turn                (no ring)
MPRegen 0.11/turn                (no ring)

@: no status effects
A: beak, talons 3
a: Renounce Religion, Fiery Armour, Foxfire Swarm, Rising Flame


You were on level 4 of the Dungeon.
You worshipped Ignis.
Ignis was extremely pleased with you.
You visited 1 branch of the dungeon, and saw 5 of its levels.

You collected 150 gold pieces.

Inventory:

Hand Weapons
 l - a +0 mace of protection
Missiles
 c - 10 poisoned darts
Armour
 a - a +0 robe (worn)
Magical Staves
 f - a staff of conjuration (weapon)
Scrolls
 h - 3 scrolls of identify {unknown}
 i - a scroll of blinking {unknown}
 j - a scroll of noise {unknown}
 n - 4 scrolls of teleportation {unknown}
 q - 2 scrolls of silence {unknown}
 s - a scroll of summoning {unknown}
 t - a scroll of enchant armour {unknown}
Potions
 b - a potion of magic
 d - a potion of heal wounds {unknown}
 e - 3 potions of curing
 g - a potion of invisibility {unknown}
 k - a potion of haste {unknown}
 m - a potion of lignification {unknown}
 o - 3 potions of mutation {unknown}
 p - 2 potions of cancellation {unknown}
 r - a potion of brilliance {unknown}


   Skills:
 + Level 2.3 Dodging
 + Level 2.5 Stealth
 + Level 2.7 Spellcasting
 + Level 2.0 Conjurations
 + Level 5.1 Air Magic


You had 2 spell levels left.
You knew the following spells:

 Your Spells              Type           Power      Damage    Failure   Level
a - Shock                 Conj/Air       84%        1d8       4%          1
b - Static Discharge      Conj/Air       42%        2-4/arc   6%          2
c - Swiftness             Air            19%        N/A       7%          3

Your spell library contained the following spells:

 Spells                   Type           Power      Damage    Failure   Level
 Airstrike                Air            9%         2d(2-18)  22%         4
 Dazzling Flash           Conj/Hex       16%        N/A       34%         3
 Tukima's Dance           Hex            2%         N/A       47%         3
 Volatile Blastmotes      Fire/Tloc      4%         2d10      47%         3
 Iskenderun's Mystic Bla  Conj/Tloc      8%         2d4       75%         4
 Passage of Golubria      Tloc           2%         N/A       87%         4
 Yara's Violent Unravell  Hex/Tmut       1%         3d3       99%         5
 Starburst                Conj/Fire      4%         6d3       100%        6


Dungeon Overview and Level Annotations

Branches:
Dungeon (5/15)
 Temple: D:4-7

Altars:
Ashenzari
Cheibriados
Makhleb
Uskayaw
Ignis

Annotations:
D:4 Sigmund


Innate Abilities, Weirdness & Mutations

You have a beak for a mouth.
You have claws for feet.


Message History

Casting: Static Discharge (safe; 6% risk of failure)
Confirm with . or Enter, or press ? or * to list all spells.
You feel a surge of power!
Sigmund is struck by an arc of lightning.
Sigmund is severely wounded.
You are struck by an arc of lightning.
* * * LOW HITPOINT WARNING * * *
Sigmund is struck by an arc of lightning.
Sigmund is severely wounded.
The lightning grounds out.
Sigmund is suddenly surrounded by pale red light.
Sigmund closely misses you.
Unknown command.
Casting: Static Discharge (safe; 6% risk of failure)
Confirm with . or Enter, or press ? or * to list all spells.
You feel a surge of power!
Sigmund is struck by an arc of lightning.
Sigmund is severely wounded.
You are struck by an arc of lightning.
* * * LOW HITPOINT WARNING * * *
Sigmund is struck by an arc of lightning.
Sigmund is almost dead.
The lightning grounds out.
Unknown command.
Casting: Static Discharge (safe; 6% risk of failure)
Confirm with . or Enter, or press ? or * to list all spells.
You don't have enough magic to cast this spell.
Unknown command.
Unknown command.
Aiming: Shock (safe; 4% risk of failure)
Press: ? - help, Q - select action, (/) - cycle Shift-Dir - straight line, f - Sigmund
Aim: Sigmund, wielding a +0 scythe and wearing a +2 robe of cold resistance (almost dead, 71% to hit)
You feel a surge of power!
The zap misses Sigmund.
Sigmund points at you and mumbles some strange words.
You are confused.
It was a potion of curing.
You feel better. Sigmund hits you with a +0 scythe.
* * * LOW HITPOINT WARNING * * *
Sigmund casts a spell at you. The magic dart hits you.
You die...

#.... ##.#.#
##..#.# ##
##.#.#.##..#
#..........#
#.......##.#
#...†...#.#
#........#
#.@.@...##
##......>#
#<...>†...#
#.#######.#
#.# .# #.#
.# #.# ..#
#.#


You could see Sigmund.

Vanquished Creatures
  An adder (D:2)
  3 worms
  2 dart slugs
  2 ball pythons
  9 endoplasms
  2 giant cockroaches (D:2)
  4 goblins
  A hobgoblin (D:4)
  3 jackals (D:4)
  A quokka (D:1)
  5 bats
  2 frilled lizards
  2 kobolds
  3 rats
40 creatures vanquished.

Notes
Turn   | Place    | Note
-------+----------+-------------------------------------------
     0 | D:1      | xian the Tengu Air Elementalist began the quest for the
                  | Orb.
     0 | D:1      | Reached XP level 1. HP: 10/10 MP: 4/4
   173 | D:1      | Reached XP level 2. HP: 15/15 MP: 3/6
   176 | D:1      | Learned a level 2 spell: Static Discharge
   581 | D:1      | Reached XP level 3. HP: 19/19 MP: 4/7
  1100 | D:2      | Reached skill level 5 in Air Magic
  1292 | D:2      | Found a faded altar of an unknown god.
  1406 | D:2      | Prayed at the altar of an unknown god.
  1406 | D:2      | Became a worshipper of Ignis, the Dying Flame
  1764 | D:3      | You fall into a shaft and drop 2 floors!
  1764 | D:5      | Entered Level 5 of the Dungeon
  1859 | D:3      | Found a hide-covered altar of Uskayaw.
  1880 | D:3      | Found a burning altar of Makhleb.
  1881 | D:3      | Found a broken altar of Ashenzari.
  2050 | D:3      | Found a snail-covered altar of Cheibriados.
  2065 | D:3      | Reached XP level 4. HP: 24/24 MP: 2/9
  2336 | D:4      | Noticed Sigmund
  2406 | D:3      | Learned a level 3 spell: Swiftness
  2417 | D:4      | Killed from afar by Sigmund

Illustrated notes

Levels and vault maps discovered:
D:1:      dpeg_arrival_orchard, layout_rooms, hangedman_decor_peaks_small
D:2:      layout_basic, hellmonk_ecumenical_altar_prayer_group
D:3:      layout_rooms, mainiacjoe_overflow_six_doors_small,
          chequers_temple_overflow_statue_of_worship
D:4:      kennysheep_spiral_hall, layout_loops_ring,
          yredelemnul_forgotten_temple_becter,
          nicolae_concentric_dashed_squares_wild, uniq_sigmund, uniq_robin
D:5:      layout_layer_cave, tso_altar, minmay_temple_entry_sparse_star,
          minmay_misc_feat_diagonals, hangedman_decor_clover_reticule,
          kennysheep_cross_bottleneck

Skill      XL: |  1  2  3  4 |
---------------+-------------+-----
Air Magic      | 5 |  5.1
Conjurations   | 2 |  2.0
Dodging        | |  2.3
Stealth        | |  2.5
Spellcasting   | |  2.7

Action                     |  1- 3 |  4- 6 || total
---------------------------+-------+-------++-------
   Cast: Shock             |    80 |     7 ||    87
         Static Discharge  |     1 |     4 ||     5
    Use: Potion            |       |     1 ||     1
 Armour: Robe              |       |     1 ||     1
  Dodge: Dodged            |     5 |     4 ||     9

Table legend: (Time is in decaauts)
 A = Elapsed time spent in this place.
 B = Non-inter-level travel time spent in this place.
 C = Inter-level travel time spent in this place.
 D = Time resting spent in this place.
 E = Time spent auto-exploring this place.
 F = Levels seen in this place.
 G = Mean time per level.
                   A        B        C        D        E       F      G
               +--------+--------+--------+--------+--------+-----+--------+
         Total |   2416 |   2288 |    128 |     48 |   1962 |   5 |  483.2 |
       Dungeon |   2416 |   2288 |    128 |     48 |   1962 |   5 |  483.2 |
               +--------+--------+--------+--------+--------+-----+--------+

Top non-repeatable levels by time:
     D:2: 1051 daAuts
     D:1: 711 daAuts
     D:3: 507 daAuts
     D:4: 123 daAuts
     D:5: 22 daAuts
